 Dungeon Crawl Stone Soup version 0.32-a0-886-g41c5271027 (webtiles) character file.

Game seed: 9775483915684566249

144 Lanoc the Shooter (level 5, -6/41 HPs)
             Began as a Coglin Hunter on Apr 3, 2024.
             Was an Initiate of Fedhas.
             Killed from afar by Pikel (26 damage)
             ... with a bolt of acid
             ... on level 4 of the Dungeon.
             The game lasted 00:02:39 (2330 turns).

Lanoc the Shooter (Coglin Hunter)                   Turns: 2330, Time: 00:02:39

Health: -6/41      AC:  3    Str: 11    XL:     5   Next: 27%
Magic:  5/5        EV: 11    Int:  9    God:    Fedhas [......]
Gold:   205        SH:  0    Dex: 19    Spells: 4/4 levels left

rFire   . . .        a - +2 sling {Nodoka}
rCold   . . .        d - +0 sling {Aníbal}
rNeg    . . .        c - +0 leather armour
rPois   .            (no helmet)
rElec   .            p - scarf {harm}
rCorr   .            (no gloves)
SInv    .            (no boots)
Will    .....        (amulet unavailable)
Stlth   ++           (ring unavailable)
HPRegen 0.26/turn    (ring unavailable)
MPRegen 0.09/turn    (no gizmo)

%: harm (+30% outgoing, +20% incoming)
@: revved
A: off-hand wielding, slow wielding, warmup strikes, no jewellery
a: Invent Gizmo, Renounce Religion


You were on level 4 of the Dungeon.
You worshipped Fedhas.
Fedhas was noncommittal.
You visited 2 branches of the dungeon, and saw 5 of its levels.

You collected 205 gold pieces.

Inventory:

Hand Weapons
 a - a +2 sling (weapon) {Nodoka}
 d - a +0 sling (offhand) {Aníbal}
Armour
 c - a +0 leather armour (worn)
 p - a scarf of harm (worn)
Scrolls
 b - a scroll of butterflies
 f - a scroll of acquirement {unknown}
 h - a scroll of enchant armour {unknown}
 i - 3 scrolls of enchant weapon {unknown}
 j - a scroll of poison {unknown}
 l - a scroll of teleportation {unknown}
 m - a scroll of immolation {unknown}
 q - a scroll of fog {unknown}
Potions
 e - 3 potions of mutation {unknown}
 g - a potion of lignification {unknown}
 k - 2 potions of might {unknown}
 n - a potion of haste {unknown}
 o - a potion of ambrosia {unknown}


   Skills:
 + Level 3.1 Fighting
 * Level 4.9 Ranged Weapons
 + Level 2.7 Dodging
 - Level 0.7 Stealth


You had 4 spell levels left.
You didn't know any spells.
Your spell library contained the following spells:

 Spells                   Type           Power      Damage    Failure   Level
 Kiss of Death            Conj/Necr      0%         2d5       47%         1
 Confusing Touch          Hex            0%         N/A       85%         3
 Dispel Undead            Necr           0%         3d6       99%         4
 Olgreb's Toxic Radiance  Alch           0%         N/A       99%         4
 Ozocubu's Refrigeration  Ice            0%         4d7       100%        7
 Discord                  Hex            0%         N/A       100%        8


Dungeon Overview and Level Annotations

Branches:
Dungeon (4/15)             Temple (1/1) D:4

Altars:
Ashenzari
Cheibriados
Elyvilon
Fedhas
Gozag
Hepliaklqana
Nemelex Xobeh
Qazlal
Ru
Sif Muna
Trog
Uskayaw
Vehumet
Yredelemnul
Zin

Annotations:
D:4 Pikel


Innate Abilities, Weirdness & Mutations

You can wield a second weapon in your off-hand.
It takes a long time for you to wield or remove held weapons.
Your first few attacks do less damage.
You cannot equip rings or amulets.


Message History

You shoot a sling bullet. The sling bullet barely misses Pikel.
You shoot a sling bullet. The sling bullet hits Pikel!
Pikel is heavily wounded.
You shoot a sling bullet. The sling bullet hits Pikel.
Pikel is heavily wounded.
Pikel hits you with a +0 whip of flaming.
Pikel burns you.
Pikel hits you with a +0 whip of flaming.
Pikel burns you.
You shoot a sling bullet.
The sling bullet hits Pikel but does no damage.
Pikel is heavily wounded.
You shoot a sling bullet. The sling bullet hits Pikel.
Pikel is severely wounded.
Pikel hits you with a +0 whip of flaming.
Pikel burns you.
Fire: a) +2 sling {Nodoka}
Press: ? - help, Q - select action Shift-Dir - straight line, f/p - Pikel
Aim: Pikel, wielding a +0 whip of flaming, wearing a +0 robe of willpower and carrying a wand of acid (severely wounded, 58% to hit)
You shoot a sling bullet. The sling bullet barely misses Pikel.
The sling bullet hits the lemure.
The lemure is moderately wounded.
You shoot a sling bullet. The sling bullet hits Pikel.
Pikel is almost dead.
Pikel zaps a wand.
The bolt of acid misses you.
Fire: a) +2 sling {Nodoka}
Press: ? - help, Q - select action Shift-Dir - straight line, f/p - Pikel
Aim: Pikel, wielding a +0 whip of flaming, wearing a +0 robe of willpower and carrying a wand of acid (almost dead, 58% to hit)
You shoot a sling bullet. The sling bullet closely misses Pikel.
The sling bullet closely misses the lemure.
The sling bullet hits the lemure.
The lemure is lightly wounded.
You shoot a sling bullet. The sling bullet hits Pikel.
Pikel is almost dead.
Pikel zaps a wand.
The bolt of acid hits you!!
Ouch! That really hurt!
You die...
Pikel says, "Another soul for the market."
Fedhas appreciates your contribution to the ecosystem.

.....# .....
.... . #..#
#>. ###..###
)5. #...... 5.
#
###...######.#
#.
#........@K55#
#.
#.......######
#.. #.......#
#..####...###
#..........#
####...#..##
##......##
#####.......#
.............#


You could see Pikel and 2 lemures.

Vanquished Creatures
  A lemure (D:4)
  An iguana (D:4)
  3 adders
  2 dart slugs (D:1)
  A ribbon worm (D:2)
  6 orcs
  6 endoplasms
  5 giant cockroaches
  8 hobgoblins
  4 jackals (D:1)
  4 kobolds
  3 quokkas
  5 ball pythons
  11 bats
  6 frilled lizards
  4 goblins
  6 rats
76 creatures vanquished.

Notes
Turn   | Place    | Note
-------+----------+-------------------------------------------
     0 | D:1      | Lanoc the Coglin Hunter began the quest for the Orb.
     0 | D:1      | Reached XP level 1. HP: 16/16 MP: 1/1
    73 | D:1      | Reached XP level 2. HP: 19/22 MP: 2/2
   198 | D:1      | Reached skill level 4 in Ranged Weapons
   326 | D:1      | Reached XP level 3. HP: 28/28 MP: 3/3
   501 | D:1      | Found a faded altar of an unknown god.
  1253 | D:2      | Reached XP level 4. HP: 34/34 MP: 4/4
  1833 | D:3      | Found a sacrificial altar of Ru.
  2033 | D:3      | Reached XP level 5. HP: 40/40 MP: 5/5
  2149 | D:4      | Found a staircase to the Ecumenical Temple.
  2164 | Temple   | Entered the Ecumenical Temple
  2180 | Temple   | Became a worshipper of Fedhas Madash
  2320 | D:4      | Noticed a lemure
  2321 | D:4      | Noticed a lemure
  2322 | D:4      | Noticed a lemure
  2323 | D:4      | Noticed a lemure
  2324 | D:4      | Killed a lemure
  2324 | D:4      | Noticed Pikel
  2330 | D:4      | Killed from afar by Pikel

Illustrated notes

Levels and vault maps discovered:
D:1:      minmay_arrival_four_circles, layout_loops_corners,
          shapermc_ecumenical_altar_ellora, chequers_garden,
          wad_floor_pattern_1, grunt_decor_mini_mirrors, minmay_misc_feat_chi
D:2:      minmay_skewed_foursquare, layout_basic, lightli_corner_chamber
D:3:      layout_rooms, mainiacjoe_overflow_small_starburst
D:4:      layout_loops_ring, minmay_temple_entry_arrows,
          biasface_ghost_orc_armoury, uniq_pikel, uniq_robin
Temple:   jpeg_temple_clearing

Skill      XL: |  1  2  3  4  5 |
---------------+----------------+-----
Dodging        | 2 |  2.7
Ranged Weapons | 4 |  4.9
Fighting       | 3 |  3.1
Stealth        | |  0.7

Action                     |  1- 3 |  4- 6 || total
---------------------------+-------+-------++-------
   Fire: Sling             |   208 |   144 ||   352
 Armour: Leather armour    |    16 |    11 ||    27
  Dodge: Dodged            |    19 |     9 ||    28

Table legend: (Time is in decaauts)
 A = Elapsed time spent in this place.
 B = Non-inter-level travel time spent in this place.
 C = Inter-level travel time spent in this place.
 D = Time resting spent in this place.
 E = Time spent auto-exploring this place.
 F = Levels seen in this place.
 G = Mean time per level.
                   A        B        C        D        E       F      G
               +--------+--------+--------+--------+--------+-----+--------+
         Total |   2370 |   2255 |    115 |      0 |   1894 |   5 |  474.0 |
       Dungeon |   2338 |   2253 |     85 |      0 |   1894 |   4 |  584.5 |
        Temple |     32 |      2 |     30 |      0 |      0 |   1 |   32.0 |
               +--------+--------+--------+--------+--------+-----+--------+

Top non-repeatable levels by time:
     D:1: 981 daAuts
     D:2: 830 daAuts
     D:3: 375 daAuts
     D:4: 151 daAuts
  Temple: 32 daAuts
